 Dungeon Crawl Stone Soup version 0.23.2-1-ga50397a (webtiles) character file.

Game seed: 6082693792506255059

1207 Furikabute the Skirmisher (level 8, -5/73 HPs)
             Began as a Hill Orc Fighter on Apr 19, 2019.
             Was a Follower of Okawaru.
             Shot with an arrow by a centaur (13 damage)
             ... on level 8 of the Dungeon.
             The game lasted 00:33:37 (6154 turns).

Furikabute the Skirmisher (Hill Orc Fighter)        Turns: 6154, Time: 00:33:37

Health: -5/73      AC: 14    Str: 21    XL:     8   Next: 45%
Magic:  9/9        EV:  5    Int:  8    God:    Okawaru [*.....]
Gold:   249        SH:  9    Dex: 13    Spells: 7/7 levels left

rFire    + . .     SeeInvis .   v - +8 rapier "Nosonium" {flame, Dex+3}
rCold    . . .     Gourm    .   c - +0 shield
rNeg     . . .     Faith    .   l - +0 chain mail
rPois    +         Spirit   .   q - +0 helmet
rElec    .         Reflect  .   w - +0 cloak
rCorr    .         Harm     .   D - +0 pair of gloves
MR       .....                  (no boots)
Stlth    ..........             (no amulet)
HPRegen  0.22/turn              i - ring of poison resistance
MPRegen  0.11/turn              m - ring of protection from fire

@: lethally poisoned (-5 -> -6), very slightly contaminated, invisible
A: no striking features
a: Heroism, Renounce Religion


You were on level 8 of the Dungeon.
You worshipped Okawaru.
Okawaru was aware of your devotion.
You were not hungry.

You visited 2 branches of the dungeon, and saw 9 of its levels.

You collected 249 gold pieces.

Inventory:

Hand Weapons
 a - a +1 war axe
 s - a +0 shortbow
 v - the +8 rapier "Nosonium" (weapon) {flame, Dex+3}
   (You found it on level 6 of the Dungeon)

   It has been specially enchanted to burn those struck by it, causing extra
   injury to most foes and up to half again as much damage against particularly
   susceptible opponents.
   It affects your dexterity (+3).
 y - a +0 blowgun
Missiles
 h - 5 tomahawks (quivered)
 t - 101 arrows
 A - 32 poisoned needles
 F - 7 javelins
Armour
 c - a +0 shield (worn)
 l - a +0 chain mail (worn)
 q - a +0 helmet (worn)
 w - a +0 cloak (worn)
 D - a +0 pair of gloves (worn)
Magical Staves
 b - an uncursed staff of earth
Jewellery
 i - a ring of poison resistance (left hand)
 m - a ring of protection from fire (right hand)
Scrolls
 j - 8 scrolls of identify
 n - 2 scrolls of enchant weapon
 u - 3 scrolls of teleportation
 x - a scroll of fear
 E - 2 scrolls of remove curse
Potions
 d - 2 potions of might
 e - 4 potions of lignification
 g - a potion of magic
 k - a potion of flight
 r - a potion of agility
 z - a potion of berserk rage
Comestibles
 f - 13 rations


   Skills:
 + Level 7.5 Fighting
 + Level 2.7 Short Blades
 - Level 6.6 Axes
 + Level 6.9 Armour
 - Level 3.2 Shields
 + Level 2.2 Invocations


You had 7 spell levels left.
You didn't know any spells.
Your spell library contained the following spells:

 Spells                   Type           Power        Failure   Level  Hunger
 Infusion                 Chrm           #...         100%        1    ##.....
 Shroud of Golubria       Chrm/Tloc      #.........   100%        2    ###....
 Song of Slaying          Chrm           #.......     100%        2    ###....
 Regeneration             Chrm/Necr      #.........   100%        3    ####...
 Spectral Weapon          Hex/Chrm       #.......     100%        3    ####...


Dungeon Overview and Level Annotations

Branches:
Dungeon (8/15)             Temple (1/1) D:5
   Lair: D:8-11

Altars:
Cheibriados
Elyvilon
Fedhas
Gozag
Hepliaklqana
Kikubaaqudgha
Makhleb
Nemelex Xobeh
Okawaru
Qazlal
Ru
Trog
Uskayaw
Vehumet
Wu Jian
Xom
Yredelemnul
Zin
The Shining One
Lugonu

Shops:
D:6 :

Annotations:
D:4 Menkaure


Message History

You block the killer bee's attack.
You feel sick. You block the killer bee's attack.
Okay, then.
As you read the scroll of teleportation, it crumbles to dust.
You feel strangely unstable. The killer bee closely misses you.
The killer bee stings you but does no damage.
The killer bee barely misses you. You block the killer bee's attack.
The killer bee stings you but does no damage.
The killer bee stings you.
* * * LOW HITPOINT WARNING * * *
You feel sick.
The killer bee stings you but does no damage.
You block the killer bee's attack.
Your surroundings suddenly seem different.
A centaur comes into view.
The centaur shouts!
The centaur wields a +0 shortbow.
The centaur shoots an arrow.
The arrow hits you!
You die...

...# # ....
#. <... #.. #
####..#
#...#...#...#
#.....#....#
##.........#
#c.....@#
#.......#
#.......#
##..|..##
#......
#......
#......
##.....


You could see a centaur.

Vanquished Creatures
  An ogre (D:6)
  3 centaurs
  A bullfrog (D:6)
  A killer bee (D:7)
  2 howler monkeys
  2 crimson imps
  A hound (D:4)
  An orc priest (D:7)
  A jelly (D:6)
  7 orc wizards
  3 bullfrog skeletons
  A worker ant (D:5)
  2 hound skeletons
  6 adders
  3 gnolls (D:6)
  3 shadow imps
  2 oozes
  4 dart slugs
  7 leopard geckos
  12 orcs
  11 bats
  4 giant cockroaches
  7 goblins
  7 hobgoblins
  3 kobolds
  3 quokkas
  7 frilled lizards
  9 rats
114 creatures vanquished.

Vanquished Creatures (others)
  A wizard (D:5)
  An orc wizard (D:5)
2 creatures vanquished.

Grand Total: 116 creatures vanquished

Notes
Turn   | Place    | Note
-------+----------+-------------------------------------------
     0 | D:1      | Furikabute the Hill Orc Fighter began the quest for the
                  | Orb.
     0 | D:1      | Reached XP level 1. HP: 19/19 MP: 1/1
   264 | D:1      | Reached XP level 2. HP: 27/27 MP: 2/2
   293 | D:1      | Reached skill level 4 in Fighting
   391 | D:1      | Reached XP level 3. HP: 31/33 MP: 3/3
  1600 | D:2      | Found a glowing golden altar of the Shining One.
  1632 | D:3      | Reached XP level 4. HP: 38/41 MP: 4/4
  1673 | D:3      | Noticed a centaur
  1680 | D:3      | Killed a centaur
  1680 | D:3      | Reached skill level 5 in Fighting
  1680 | D:3      | Reached XP level 5. HP: 35/48 MP: 5/5
  2207 | D:3      | Reached skill level 5 in Axes
  2351 | D:3      | Reached XP level 6. HP: 56/56 MP: 6/6
  2537 | D:4      | Reached skill level 5 in Armour
  2544 | D:4      | Noticed Menkaure
  2598 | D:5      | Entered Level 5 of the Dungeon
  2746 | D:5      | Found a staircase to the Ecumenical Temple.
  2752 | Temple   | Entered the Ecumenical Temple
  2812 | Temple   | Became a worshipper of Warmaster Okawaru
  2882 | D:5      | Found a bloodstained altar of Trog.
  2883 | D:5      | Noticed a wizard
  2889 | D:5      | Killed a wizard
  2956 | D:5      | Reached skill level 6 in Fighting
  2972 | D:5      | Reached XP level 7. HP: 49/63 MP: 7/7
  3280 | D:5      | Found a stormy altar of Qazlal.
  3683 | D:6      | Found Raiv's Book Boutique.
  3713 | D:6      | Got a dazzling rapier
  3731 | D:6      | Identified the +8 rapier "Nosonium" {flame, Dex+3} (You
                  | found it on level 6 of the Dungeon)
  3775 | D:6      | Reached * piety under Okawaru
  3851 | D:6      | Reached skill level 1 in Short Blades
  3908 | D:6      | Reached skill level 7 in Fighting
  3908 | D:6      | Reached XP level 8. HP: 56/73 MP: 8/8
  4998 | D:7      | Reached skill level 1 in Invocations
  5852 | D:7      | Found a bloodstained altar of Trog.
  5858 | D:7      | Found a sacrificial altar of Ru.
  5869 | D:7      | Found a shimmering altar of Xom.
  5876 | D:7      | Found a hazy altar of Hepliaklqana.
  5881 | D:7      | Found a burning altar of Makhleb.
  5888 | D:7      | Found a glowing silver altar of Zin.
  5893 | D:7      | Found a basalt altar of Yredelemnul.
  5920 | D:7      | Found a blossoming altar of Fedhas.
  6154 | D:8      | Shot with an arrow by a centaur

Skill      XL: |  1  2  3  4  5  6  7  8 |
---------------+-------------------------+-----
Axes           | 3 4 5 6 |  6.6
Fighting       | 4 5 6 7 |  7.5
Armour         | 4 5 6 |  6.9
Short Blades   | 1 2 |  2.7
Invocations    | 2 |  2.2
Shields        | |  3.2

Action                   |  1- 3 |  4- 6 |  7- 9 || total
-------------------------+-------+-------+-------++-------
Melee: War axe           |   122 |   160 |    41 ||   323
       Rapier            |       |       |   105 ||   105
  Use: Potion            |     7 |       |     5 ||    12
       Scroll            |     2 |     8 |     9 ||    19
  Eat: Chunk             |     2 |     4 |     5 ||    11
       Ration            |       |       |     2 ||     2
Armor: Scale mail        |    32 |       |       ||    32
       Chain mail        |    42 |    79 |   137 ||   258
Dodge: Dodged            |    39 |    35 |    29 ||   103
Block: Shield            |    58 |    68 |    90 ||   216
